 Dungeon Crawl Stone Soup version 0.29.1-1-gd02db6906a (webtiles) character file.

Game seed: 10695754191251432181

8880 juncz the Frost Mage (level 11, 0/83 HPs)
             Began as a Gnoll Ice Elementalist on Sept 27, 2022.
             Was an Initiate of Ashenzari.
             Succumbed to a necromancer's poison
             ... in a Gauntlet.
             The game lasted 00:34:33 (12565 turns).

juncz the Frost Mage (Gnoll Ice Elementalist)      Turns: 12565, Time: 00:34:33

Health: 0/83       AC: 14    Str: 13    XL:     11   Next: 37%
Magic:  23/23      EV: 19    Int: 21    God:    Ashenzari [......]
Gold:   548        SH:  0    Dex: 13    Spells: 12/26 levels left

rFire   + . .      SeeInvis .   d - +0 staff of Battle
rCold   + . .      Faith    .   (no shield)
rNeg    . . .      Spirit   .   q - +2 robe {rF+}
rPois   .          Reflect  .   J - +2 hat
rElec   .          Harm     .   B - +0 cloak
rCorr   .          Rampage  .   V - +2 pair of gloves
Will    .....      NoTele   +   l - +2 pair of boots
Stlth   ++++......              z - amulet of magic regeneration
HPRegen 0.23/turn               m - +4 ring of evasion
MPRegen 0.58/turn               g - ring "Siudoo" {Fly rC+ Str+6 Int+2}

@: lethally poisoned (0 -> -6), flying
A: fangs 1, strong nose, distributed training
a: Renounce Religion, Curse Item


You were in a Gauntlet.
You worshipped Ashenzari.
Ashenzari was noncommittal.
You visited 3 branches of the dungeon, and saw 11 of its levels.
You also visited: Gauntlet.

You collected 603 gold pieces.
You spent 55 gold pieces at shops.

Inventory:

Hand Weapons
 d - the +0 staff of Battle (weapon)
   (You acquired it on level 9 of the Dungeon)

   It enhances your conjuration magic.
   It summons a battlesphere in combat, with strength depending on Conjurations
   skill.
   Its strikes trigger the battlesphere's blasts.
 F - a +6 vorpal flail
Armour
 f - a +1 robe of willpower
 l - a +2 pair of boots (worn)
 q - a +2 robe of fire resistance (worn)
 B - a +0 cloak (worn)
 J - a +2 hat (worn)
 V - a +2 pair of gloves (worn)
Magical Staves
 X - a staff of poison
Jewellery
 g - the ring "Siudoo" (right hand) {Fly rC+ Str+6 Int+2}
   (You found it in a Gauntlet)

   [ring of strength]

   Str:       It affects your strength (+6).
   Int:       It affects your intelligence (+2).
   rC:        It protects you from cold.
   Fly:       It grants you flight.
 m - a +4 ring of evasion (left hand)
 z - an amulet of magic regeneration (around neck)
 S - a ring of poison resistance
Wands
 v - a wand of charming (13)
 A - a wand of mindburst (14)
 D - a wand of polymorph (14)
 G - a wand of light (5)
 W - a wand of flame (17)
Scrolls
 a - a scroll of blinking
 c - 3 scrolls of fear
 e - a scroll of identify
 n - 3 scrolls of amnesia
 o - 2 scrolls of immolation
 r - 3 scrolls of butterflies
 x - 3 scrolls of teleportation
 y - a scroll of magic mapping
 H - 3 scrolls of poison
 I - 2 scrolls of silence
 O - 2 scrolls of torment
 T - a scroll of vulnerability
 U - a scroll of noise {unknown}
Potions
 b - 2 potions of magic
 i - 5 potions of haste {unknown}
 j - a potion of cancellation {unknown}
 k - 2 potions of flight {unknown}
 s - a potion of attraction {unknown}
 u - 3 potions of might {unknown}
 w - a potion of brilliance {unknown}
 C - 4 potions of lignification {unknown}
 E - a potion of ambrosia {unknown}
 L - a potion of curing {unknown}
 M - 3 potions of degeneration {unknown}
 P - 7 potions of heal wounds
 Q - a potion of mutation {unknown}


   Skills:
 + Level 6.4 Fighting
 + Level 6.4 Short Blades
 + Level 6.4 Long Blades
 + Level 6.4 Axes
 + Level 6.4 Maces & Flails
 + Level 6.4 Polearms
 + Level 6.4 Staves
 + Level 6.4 Ranged Weapons
 + Level 6.4 Throwing
 + Level 6.4 Armour
 + Level 8.0 Dodging
 + Level 7.8 Stealth
 + Level 6.4 Shields
 + Level 6.4 Unarmed Combat
 + Level 8.3 Spellcasting
 + Level 5.3 Conjurations
 + Level 5.3 Hexes
 + Level 5.3 Summonings
 + Level 5.3 Necromancy
 + Level 5.3 Translocations
 + Level 5.3 Transmutations
 + Level 5.3 Fire Magic
 + Level 9.0 Ice Magic
 + Level 5.3 Air Magic
 + Level 5.3 Earth Magic
 + Level 5.3 Poison Magic
 + Level 7.1 Invocations
 + Level 6.4 Evocations


You had 12 spell levels left.
You knew the following spells:

 Your Spells              Type           Power      Damage    Failure   Level
a - Freeze                Ice            100%       1d11      1%          1
b - Frozen Ramparts       Ice            92%        1d14      1%          3
c - Ozocubu's Armour      Ice            46%        N/A       1%          3
d - Fulminant Prism       Conj/Hex       23%        3d13      9%          4
e - Tukima's Dance        Hex            31%        N/A       2%          3

Your spell library contained the following spells:

 Spells                   Type           Power      Damage    Failure   Level
 Beastly Appendage        Tmut           62%        N/A       1%          1
 Magic Dart               Conj           100%       1d8       1%          1
 Searing Ray              Conj           92%        2d7       1%          2
 Static Discharge         Conj/Air       46%        3-9/arc   1%          2
 Wereblood                Tmut           31%        N/A       1%          2
 Spider Form              Tmut/Pois      31%        N/A       2%          3
 Hailstorm                Conj/Ice       55%        3d12      4%          4
 Dispel Undead            Necr           31%        3d14      9%          4
 Passage of Golubria      Tloc           31%        N/A       9%          4
 Sticky Flame             Conj/Fire      46%        2d6       9%          4
 Metabolic Englaciation   Hex/Ice        19%        N/A       11%         5
 Yara's Violent Unravell  Hex/Tmut       15%        3d8       24%         5
 Simulacrum               Ice/Necr       19%        N/A       52%         6


Dungeon Overview and Level Annotations

Branches:
Dungeon (9/15)             Temple (1/1) D:6            Lair (1/5) D:9
    Orc (0/2) D:9         Gauntlet (1/1)

Altars:
Ashenzari
Cheibriados
Dithmenos
Elyvilon
Fedhas
Gozag
Hepliaklqana
Makhleb
Nemelex Xobeh
Qazlal
Ru
Sif Muna
Uskayaw
Vehumet
Wu Jian
Xom
Yredelemnul
Zin
The Shining One

Shops:
D:6 !

Annotations:
Gauntlet 11 transporters, 21 runed translucent doors


Innate Abilities, Weirdness & Mutations

You have very sharp teeth.
Your uncanny sense of smell can sniff out nearby items.
Your experience applies equally to all skills.


Message History

You conjure a globe of magical energy.
The death yak fails to trigger a net trap.
The death yak gores your battlesphere!
The necromancer casts a spell.
The necromancer binds the souls of nearby monsters.
The death yak misses you. The death yak gores your battlesphere.
Your battlesphere is destroyed!
The death yak attacks as you move away! The death yak gores you.
* * * LOW HITPOINT WARNING * * *
You conjure a globe of magical energy.
The necromancer enters a dispersal trap!
The death yak blinks! x3
Your battlesphere blinks!
You blink.
You avoid being caught in a net.
There is a net trap here.
The death yak attacks as you move away!
The death yak gores you but does no damage.
The death yak fails to trigger a net trap.
The death yak attacks as you move away! The death yak barely misses you.
The death yak enters a dispersal trap!
The death yak blinks! x3; You blink.
The death yak blinks!
The necromancer gestures wildly while chanting.
The necromancer binds the souls of nearby monsters.
The necromancer completely misses you. The necromancer misses you.
The death yak misses you.
The necromancer points at you and mumbles some strange words.
You struggle to resist.
The necromancer attacks as you move away!
The necromancer hits you but does no damage.
You are lethally poisoned!
* * * LOW HITPOINT WARNING * * *
You feel very sick. The death yak misses you.
The necromancer casts a spell.
The necromancer binds the souls of nearby monsters.
* * * LOW HITPOINT WARNING * * *
You feel sick. Something gores your battlesphere.
You die...

........)#...#Y^#^#^#..#©....
.........#...#.#.#.#^#^####.8
...t.....#...#..!"©./..#..#..
##########...###########..#.8
...........≈.............≈#..
..........§8≈............∩#.8
...........§.............≈#..
##########...###########..#.8
......#..#...##.@[©.[.##..#..
.....#...#...#*#.Y...#.####.8
#....#...#...#.Y#Y..#..#©....
.##©#....###.#pY.#.#...####.8
...###..©#©#.#...^#^...#..#..
....#.##.#.#.#...#©#...#..#
...#....##.#.#..#...#..#..#
...#.....#.#.#.#.....#.#..#
..#......#.#.##.......##..#


You could see 4 death yaks, a necromancer and a friendly battlesphere.

Vanquished Creatures
  A hydra (D:9)
  A hell beast (Gauntlet)
  A two-headed ogre (D:9)
  Erica (D:8)
  A kobold demonologist (D:9)
  2 shadows
  Sigmund (D:2)
  3 flying skulls (Gauntlet)
  Eustachio (D:4)
  A wyvern (D:9)
  A steam dragon (D:7)
  An acid dragon (D:9)
  Edmund (D:4)
  2 water moccasins
  4 orc warriors
  A sky beast (D:8)
  3 black bears
  2 ogres
  3 centaurs
  2 phantoms
  A kobold brigand (D:8)
  4 bullfrogs
  4 necrophages
  4 scorpions
  7 wights
  2 troll zombies (D:9)
  5 killer bees (D:9)
  2 howler monkeys (D:9)
  5 jellies
  A crimson imp (D:7)
  14 orc priests
  2 hounds (D:4)
  A gnoll bouda (D:4)
  Crazy Yiuf (D:3)
  Jessica (D:2)
  2 iguanas
  14 orc wizards
  6 ogre zombies (D:9)
  Robin (D:2)
  9 adders
  11 gnolls
  2 shadow imps
  3 white imps
  2 ufetubi
  2 worms
  A dart slug (D:4)
  35 orcs
  8 endoplasms
  A giant cockroach (D:1)
  12 goblins
  7 hobgoblins
  3 jackals (D:2)
  A quokka (D:4)
  6 ball pythons
  3 frilled lizards
  2 goblin skeletons (D:9)
  5 goblin zombies (D:9)
  2 hobgoblin skeletons (D:9)
  2 hobgoblin zombies (D:9)
  11 kobolds
  2 orc skeletons (D:9)
  12 orc zombies (D:9)
  2 rats
254 creatures vanquished.

Vanquished Creatures (others)
  17 fulminant prisms
  2 plants (D:2)
19 creatures vanquished.

Grand Total: 273 creatures vanquished

Notes
Turn   | Place    | Note
-------+----------+-------------------------------------------
     0 | D:1      | juncz the Gnoll Ice Elementalist began the quest for the
                  | Orb.
     0 | D:1      | Reached XP level 1. HP: 13/13 MP: 6/6
   481 | D:1      | Reached XP level 2. HP: 19/19 MP: 4/7
  1501 | D:2      | Reached skill level 5 in Spellcasting
  1501 | D:2      | Reached XP level 3. HP: 25/25 MP: 6/9
  1621 | D:2      | Noticed Jessica
  1636 | D:2      | Killed Jessica
  1637 | D:2      | Reached skill level 1 in Fighting
  1637 | D:2      | Reached skill level 1 in Short Blades
  1637 | D:2      | Reached skill level 1 in Long Blades
  1637 | D:2      | Reached skill level 1 in Axes
  1637 | D:2      | Reached skill level 1 in Maces & Flails
  1637 | D:2      | Reached skill level 1 in Polearms
  1637 | D:2      | Reached skill level 1 in Staves
  1637 | D:2      | Reached skill level 1 in Ranged Weapons
  1637 | D:2      | Reached skill level 1 in Throwing
  1637 | D:2      | Reached skill level 1 in Armour
  1637 | D:2      | Reached skill level 1 in Shields
  1637 | D:2      | Reached skill level 1 in Unarmed Combat
  1637 | D:2      | Reached skill level 1 in Invocations
  1637 | D:2      | Reached skill level 1 in Evocations
  1744 | D:2      | Learned a level 3 spell: Frozen Ramparts
  1748 | D:2      | Learned a level 3 spell: Ozocubu's Armour
  1789 | D:2      | Reached XP level 4. HP: 31/32 MP: 8/11
  1839 | D:2      | Noticed Robin
  1852 | D:2      | Killed Robin
  1854 | D:2      | Reached skill level 1 in Conjurations
  1854 | D:2      | Reached skill level 1 in Hexes
  1854 | D:2      | Reached skill level 1 in Summonings
  1854 | D:2      | Reached skill level 1 in Necromancy
  1854 | D:2      | Reached skill level 1 in Translocations
  1854 | D:2      | Reached skill level 1 in Transmutations
  1854 | D:2      | Reached skill level 1 in Fire Magic
  1854 | D:2      | Reached skill level 1 in Air Magic
  1854 | D:2      | Reached skill level 1 in Earth Magic
  1854 | D:2      | Reached skill level 1 in Poison Magic
  2164 | D:2      | Noticed Sigmund
  2178 | D:2      | Killed Sigmund
  2179 | D:2      | Reached XP level 5. HP: 30/38 MP: 5/12
  2179 | D:2      | Reached XP level 6. HP: 35/44 MP: 5/14
  2369 | D:2      | Found a faded altar of an unknown god.
  2461 | D:3      | Reached skill level 5 in Dodging
  3419 | D:3      | Found a runed translucent door.
  3420 | D:3      | Noticed Crazy Yiuf
  3501 | D:3      | Killed Crazy Yiuf
  3630 | D:4      | Reached XP level 7. HP: 44/50 MP: 11/15
  3809 | D:4      | Noticed Edmund
  3813 | D:4      | Killed Edmund
  3814 | D:4      | Reached skill level 5 in Stealth
  3845 | D:4      | Noticed Eustachio
  3866 | D:4      | Killed Eustachio
  4185 | D:4      | Reached XP level 8. HP: 58/58 MP: 11/16
  4805 | D:5      | Entered Level 5 of the Dungeon
  5298 | D:5      | Reached XP level 9. HP: 56/65 MP: 12/18
  5692 | D:6      | Reached skill level 8 in Ice Magic
  5812 | D:6      | Found a shadowy altar of Dithmenos.
  5880 | D:6      | Found a staircase to the Ecumenical Temple.
  5889 | Temple   | Entered the Ecumenical Temple
  6351 | D:6      | Reached skill level 5 in Invocations
  6403 | D:6      | Found Arurhufy's Distillery.
  6410 | D:6      | Bought a potion of heal wounds for 55 gold pieces
  6581 | D:6      | Found a sacrificial altar of Ru.
  6730 | D:6      | Found a shimmering altar of Xom.
  7324 | D:7      | Reached skill level 5 in Fighting
  7324 | D:7      | Reached skill level 5 in Short Blades
  7324 | D:7      | Reached skill level 5 in Long Blades
  7324 | D:7      | Reached skill level 5 in Axes
  7324 | D:7      | Reached skill level 5 in Maces & Flails
  7324 | D:7      | Reached skill level 5 in Polearms
  7324 | D:7      | Reached skill level 5 in Staves
  7324 | D:7      | Reached skill level 5 in Ranged Weapons
  7324 | D:7      | Reached skill level 5 in Throwing
  7324 | D:7      | Reached skill level 5 in Armour
  7324 | D:7      | Reached skill level 5 in Shields
  7324 | D:7      | Reached skill level 5 in Unarmed Combat
  7324 | D:7      | Reached skill level 5 in Evocations
  7324 | D:7      | Reached XP level 10. HP: 70/74 MP: 11/20
  7661 | D:7      | Learned a level 4 spell: Fulminant Prism
  7853 | D:7      | Found a broken altar of Ashenzari.
  7858 | D:7      | Became a worshipper of Ashenzari the Shackled
  7991 | D:7      | Found a sparkling altar of Nemelex Xobeh.
  8007 | D:7      | Found a basalt altar of Yredelemnul.
  8056 | D:7      | Found a burning altar of Makhleb.
  8158 | D:8      | Noticed Erica
  8172 | D:8      | Killed Erica
  8669 | D:8      | Found a white marble altar of Elyvilon.
  8909 | D:8      | Found a snail-covered altar of Cheibriados.
  9298 | D:8      | Found an ornate altar of the Wu Jian Council.
  9762 | D:9      | Noticed a five-headed hydra
  9783 | D:9      | Killed a five-headed hydra
 10277 | D:9      | Found a radiant altar of Vehumet.
 10418 | D:9      | Found a staircase to the Orcish Mines.
 10436 | D:9      | Reached skill level 5 in Conjurations
 10436 | D:9      | Reached skill level 5 in Hexes
 10436 | D:9      | Reached skill level 5 in Summonings
 10436 | D:9      | Reached skill level 5 in Necromancy
 10436 | D:9      | Reached skill level 5 in Translocations
 10436 | D:9      | Reached skill level 5 in Transmutations
 10436 | D:9      | Reached skill level 5 in Fire Magic
 10436 | D:9      | Reached skill level 5 in Air Magic
 10436 | D:9      | Reached skill level 5 in Earth Magic
 10436 | D:9      | Reached skill level 5 in Poison Magic
 10448 | D:9      | Reached XP level 11. HP: 73/81 MP: 22/22
 10547 | D:9      | Found a staircase to the Lair.
 10627 | D:9      | Noticed a two-headed ogre
 10637 | D:9      | Killed a two-headed ogre
 10998 | D:9      | Noticed a sun demon
 12022 | D:9      | Learned a level 3 spell: Tukima's Dance
 12055 | D:9      | Identified a scroll of acquirement
 12062 | D:9      | Acquired the +0 staff of Battle
 12062 | D:9      | Found the +0 staff of Battle
 12066 | Lair:1   | Entered Level 1 of the Lair of Beasts
 12086 | Lair:1   | Found a gate leading to a gauntlet.
 12095 | Gauntlet | Entered a Gauntlet
 12095 | Gauntlet | Found a transporter.
 12095 | Gauntlet | Found a transporter.
 12099 | Gauntlet | Found a transporter.
 12099 | Gauntlet | Found a transporter.
 12101 | Gauntlet | Noticed a hell beast
 12109 | Gauntlet | Found a transporter.
 12110 | Gauntlet | Found a transporter.
 12111 | Gauntlet | Noticed a ghost crab
 12115 | Gauntlet | Noticed a death yak
 12115 | Gauntlet | Noticed a necromancer
 12116 | Gauntlet | Noticed a death yak
 12116 | Gauntlet | Noticed a death yak
 12117 | Gauntlet | Noticed a death yak
 12119 | Gauntlet | Found a transporter.
 12119 | Gauntlet | Found a transporter.
 12119 | Gauntlet | Noticed a death yak
 12123 | Gauntlet | Found a transporter.
 12125 | Gauntlet | Found a large runed translucent door.
 12126 | Gauntlet | Found a large runed translucent door.
 12128 | Gauntlet | Found a runed translucent gate.
 12152 | Gauntlet | Noticed a death yak
 12152 | Gauntlet | Noticed a death yak
 12155 | Gauntlet | Noticed a death yak
 12175 | Gauntlet | Found a transporter.
 12189 | Gauntlet | Found a transporter.
 12226 | Gauntlet | Found a transporter.
 12232 | Gauntlet | Noticed a fire crab
 12240 | Gauntlet | Found a transporter.
 12253 | Gauntlet | Found a transporter.
 12340 | Gauntlet | Found a transporter.
 12342 | Gauntlet | Found a large runed translucent door.
 12342 | Gauntlet | Found a large runed translucent door.
 12343 | Gauntlet | Found a large runed translucent door.
 12343 | Gauntlet | Found a large runed translucent door.
 12344 | Gauntlet | Found a runed translucent door.
 12344 | Gauntlet | Found a large runed translucent door.
 12344 | Gauntlet | Found a large runed translucent door.
 12344 | Gauntlet | Found a runed translucent door.
 12344 | Gauntlet | Found a large runed translucent door.
 12344 | Gauntlet | Found a large runed translucent door.
 12345 | Gauntlet | Found a large runed translucent door.
 12345 | Gauntlet | Found a large runed translucent door.
 12348 | Gauntlet | Found a large runed translucent door.
 12348 | Gauntlet | Found a large runed translucent door.
 12349 | Gauntlet | Found a large runed translucent door.
 12349 | Gauntlet | Found a large runed translucent door.
 12352 | Gauntlet | Found a runed translucent gate.
 12352 | Gauntlet | Found a runed translucent gate.
 12354 | Gauntlet | Found a transporter.
 12354 | Gauntlet | Noticed a dire elephant
 12464 | Gauntlet | Reached skill level 9 in Ice Magic
 12511 | Gauntlet | Killed a hell beast
 12525 | Gauntlet | Identified the ring "Siudoo" {Fly rC+ Str+6 Int+2}
 12563 | Gauntlet | HP: 4/83 [poisoned by a necromancer]
 12565 | Gauntlet | Succumbed to a necromancer's poison

Illustrated notes

Levels and vault maps discovered:
D:1:      minmay_arrival_nine_rooms, layout_loops_corners, nicolae_wormholes
D:2:      layout_basic, ebering_ecumenical_altar_mist, serial_forest,
          infiniplex_forest_clump_small, infiniplex_forest_clump_long,
          infiniplex_forest_straight_2, infiniplex_forest_lined_corner,
          infiniplex_forest_clump_medium, infiniplex_forest_straight_1,
          infiniplex_forest_corner_1, uniq_sigmund, uniq_robin, uniq_jessica
D:3:      layout_basic, nicolae_hexahallways, uniq_crazy_yiuf_cottage
D:4:      layout_layer_cave, uniq_eustachio, uniq_edmund
D:5:      layout_cave_pools, minmay_increasing_density
D:6:      layout_loops_ring, mainiacjoe_overflow_surrounded_room,
          nicolae_dithmenos_through_a_glass_darkly,
          mainiacjoe_overflow_alcove_4, minmay_temple_entry_tees, serial_shops,
          nicolae_stop_n_shop_1, eino_tiny_chamber, kennysheep_doodads
D:7:      layout_rooms, kennysheep_little_box, makhleb_grotto_becter,
          mainiacjoe_overflow_swirl, minmay_crystal_room
D:8:      layout_basic, elyvilon_altar_1, cheibrodos_worm_habitat,
          pdpol_wu_jian_five_deadly_venoms, roderic_st_hans_cross, uniq_erica
D:9:      layout_loops_ring, lemuel_tele_altar, lair_entry_dummy,
          zombieorc2_lemuel
Temple:   hellmonk_temple_micro_hex
Lair:1:   layout_chaotic_city, gauntlet_entry_generic, enter_volcano_4,
          chequers_serial_rivers_micro_b, serial_bayou_crossing,
          uniq_prince_ribbit2
Gauntlet: gammafunk_gauntlet_branching [nicolae_gauntlet_arena_grate_2,
          gammafunk_gauntlet_arena_corners, nicolae_gauntlet_arena_t_cross,
          gammafunk_gauntlet_arena_open, nicolae_gauntlet_swirl,
          minmay_gauntlet_arena_make_your_own_arena,
          gammafunk_gauntlet_arena_grid, nicolae_gauntlet_arena_x,
          nicolae_gauntlet_exit_dead_adventurers]

Skill      XL: |  1  2  3  4  5  6  7  8  9 10 11 |
---------------+----------------------------------+-----
Spellcasting   | 5 6 7 8 |  8.3
Fighting       | 1 2 3 5 6 |  6.4
Short Blades   | 1 2 3 5 6 |  6.4
Long Blades    | 1 2 3 5 6 |  6.4
Axes           | 1 2 3 5 6 |  6.4
Maces & Flails | 1 2 3 5 6 |  6.4
Polearms       | 1 2 3 5 6 |  6.4
Staves         | 1 2 3 5 6 |  6.4
Ranged Weapons | 1 2 3 5 6 |  6.4
Throwing       | 1 2 3 5 6 |  6.4
Armour         | 1 2 3 5 6 |  6.4
Shields        | 1 2 3 5 6 |  6.4
Unarmed Combat | 1 2 3 5 6 |  6.4
Invocations    | 1 2 3 4 5 6 7 |  7.1
Evocations     | 1 2 3 5 6 |  6.4
Conjurations   | 1 2 3 4 5 |  5.3
Hexes          | 1 2 3 4 5 |  5.3
Summonings     | 1 2 3 4 5 |  5.3
Necromancy     | 1 2 3 4 5 |  5.3
Translocations | 1 2 3 4 5 |  5.3
Transmutations | 1 2 3 4 5 |  5.3
Fire Magic     | 1 2 3 4 5 |  5.3
Air Magic      | 1 2 3 4 5 |  5.3
Earth Magic    | 1 2 3 4 5 |  5.3
Poison Magic   | 1 2 3 4 5 |  5.3
Dodging        | 5 6 7 8 |  8.0
Stealth        | 5 6 7 |  7.8
Ice Magic      | 8 9 |  9.0

Action                   |  1- 3 |  4- 6 |  7- 9 | 10-12 || total
-------------------------+-------+-------+-------+-------++-------
Melee: Rapier            |    10 |    10 |    18 |       ||    38
       Punch             |       |     1 |     3 |     3 ||     7
       Bite              |       |     1 |     6 |    12 ||    19
       Flail             |       |       |    66 |   122 ||   188
       Staff             |       |       |       |    15 ||    15
Throw: Stone             |     2 |       |       |       ||     2
 Cast: Freeze            |    33 |    20 |   102 |    57 ||   212
       Frozen Ramparts   |       |     8 |    31 |    34 ||    73
       Ozocubu's Armour  |       |     2 |    12 |    10 ||    24
       Fulminant Prism   |       |       |       |    17 ||    17
Evoke: Wand              |       |       |     2 |     1 ||     3
  Use: Scroll            |       |       |       |    13 ||    13
 Stab: Sleeping          |     4 |     2 |    10 |     2 ||    18
       Distracted        |       |       |       |     1 ||     1
Armor: Robe              |     4 |     8 |    50 |    54 ||   116
Dodge: Dodged            |    20 |    23 |   177 |   207 ||   427
